Map: Goldenaura LE

Players

Kelsier

  • Race: Protoss Protoss
  • Spawn Location: 12:00

StalkerMan - Winner!

  • Race: Zerg Zerg
  • League: Grandmaster
  • Spawn Location: 5:00

VOD

Have the link to the VOD?

Description

Time

  • Played on: July 8, 2024, 12:45 a.m.
  • Length: 8:51
Show
View Real Time Build Order
Export as new Build Order

Kelsier Protoss 

Build Orders: 1 Gate Expand, Oracle Opening, Zealot Archon 

Get SALT Encoding   

  12  0:00  Probe  
  13  0:12  Probe  
  14  0:20  Pylon  
  14  0:25  Probe (Chrono Boost)  
  15  0:38  Gateway, Probe (Chrono Boost)  
  16  0:46  Probe (Chrono Boost)  
  16  0:47  Assimilator  
  17  0:53  Probe  
  18  1:05  Probe  
  19  1:17  Probe  
  20  1:26  Nexus  
  20  1:37  Cybernetics Core  
  20  1:39  Probe  
  21  1:47  Assimilator  
  21  1:51  Probe  
  22  1:55  Pylon  
  22  2:03  Probe (Chrono Boost)  
  23  2:11  Adept (Chrono Boost)  
  23  2:15  Probe (Chrono Boost)  
  26  2:20  Stargate  
  26  2:24  Probe (Chrono Boost)  
  27  2:31  Warp Gate  
  27  2:33  Probe  
  28  2:39  Probe  
  28  2:40  Stalker  
  31  2:46  Probe (Chrono Boost)  
  32  2:54  Probe (Chrono Boost)  
  34  3:01  Oracle (Chrono Boost)  
  34  3:03  Probe x2 (Chrono Boost)  
  38  3:08  Probe (Chrono Boost)  
  38  3:09  Probe  
  40  3:14  Pylon  
  40  3:20  Probe  
  40  3:21  Probe  
  42  3:32  Probe  
  42  3:33  Probe  
  44  3:37  Nexus  
  44  3:41  Pylon  
  44  3:45  Probe  
  45  3:48  Probe  
  45  3:51  Oracle  
  49  3:57  Probe  
  49  4:01  Probe  
  49  4:02  Gateway  
  48  4:09  Probe  
  49  4:15  Probe  
  50  4:17  Assimilator  
  50  4:19  Robotics Facility  
  50  4:21  Assimilator  
  50  4:22  Adept, Probe  
  53  4:27  Probe  
  54  4:33  Pylon  
  54  4:45  Pylon  
  54  4:49  Probe x2 (Chrono Boost)  
  56  4:54  Twilight Council  
  56  4:56  Gateway, Probe (Chrono Boost), Forge  
  56  4:58  Gateway  
  57  5:01  Probe x2 (Chrono Boost)  
  57  5:06  Probe (Chrono Boost)  
  60  5:08  Probe x2 (Chrono Boost)  
  60  5:10  Observer, Pylon  
  60  5:11  Probe (Chrono Boost)  
  60  5:12  Shield Battery  
  64  5:19  Adept, Probe  
  64  5:20  Adept  
  68  5:23  Probe (Chrono Boost)  
  67  5:28  Probe (Chrono Boost)  
  67  5:32  Gateway  
  67  5:35  Probe (Chrono Boost)  
  70  5:36  Probe (Chrono Boost)  
  70  5:37  Charge, Protoss Ground Weapons Level 1  
  70  5:41  Templar Archives  
  70  5:42  Probe (Chrono Boost)  
  71  5:46  Probe (Chrono Boost)  
  71  5:49  Probe  
  71  5:52  Assimilator  
  71  5:54  Probe  
  73  5:57  Assimilator  
  73  5:58  Gateway  
  73  5:59  Probe  
  73  6:01  Gateway, Probe  
  75  6:06  Probe (Chrono Boost)  
  75  6:08  Gateway  
  75  6:10  Pylon  
  77  6:11  Probe (Chrono Boost)  
  77  6:17  Probe (Chrono Boost)  
  79  6:19  Probe (Chrono Boost)  
  79  6:20  High Templar x4  
  79  6:23  Probe (Chrono Boost)  
  79  6:24  Archon x2  
  88  6:28  Shield Battery  
  88  6:30  Photon Cannon, Probe x2 (Chrono Boost)  
  88  6:31  Photon Cannon  
  88  6:32  Probe  
  91  6:36  Immortal  
  91  6:39  Psionic Storm  
  95  6:41  Probe  
  95  6:42  Probe  
  94  6:47  Probe  
  94  6:51  High Templar  
  94  6:53  Probe  
  94  6:54  Probe  
  99  6:55  Observer  
  99  6:59  Probe  
  100  7:05  Photon Cannon, Probe  
  101  7:08  Pylon  
  101  7:10  Pylon  
  101  7:17  Probe  
  101  7:20  Pylon  
  101  7:22  Pylon, Nexus  
  101  7:25  Pylon  
  101  7:26  Immortal  
  105  7:35  Shield Battery  
  105  7:36  Photon Cannon  
  105  7:38  Photon Cannon  
  105  7:40  Photon Cannon  
  105  7:42  High Templar  
  105  7:43  High Templar x4  
  114  7:47  Zealot  
  114  7:50  Probe  
  117  7:51  Probe x2  
  119  8:02  Probe  
  120  8:08  Immortal (Chrono Boost)  
  110  8:28  High Templar x3  
  110  8:31  Zealot x5  
  115  8:43  Archon  
Show
View Real Time Build Order
Export as new Build Order

StalkerMan Zerg - Winner!

Build Orders: Hatch First, Roach Hydra 

Get SALT Encoding   

  12  0:00  Drone  
  13  0:12  Overlord  
  13  0:17  Drone  
  14  0:30  Drone x2  
  16  0:48  Hatchery  
  15  0:52  Drone  
  15  0:54  Drone  
  17  0:57  Drone  
  18  1:08  Extractor  
  17  1:14  Spawning Pool  
  17  1:16  Drone  
  17  1:19  Drone  
  18  1:27  Drone  
  19  1:38  Drone  
  20  1:48  Overlord  
  20  2:00  Queen  
  20  2:01  Queen  
  24  2:02  Zergling x4  
  26  2:11  Drone  
  26  2:12  Drone  
  26  2:13  Metabolic Boost  
  28  2:21  Drone  
  28  2:22  Drone  
  30  2:34  Hatchery  
  30  2:36  Drone  
  30  2:39  Drone  
  31  2:44  Drone  
  31  2:45  Overlord  
  32  2:51  Queen  
  32  2:55  Drone  
  32  2:56  Drone  
  36  3:05  Overlord  
  36  3:07  Queen  
  36  3:10  Drone x2  
  36  3:12  Drone  
  41  3:14  Zergling x2  
  41  3:19  Zergling x2  
  44  3:20  Zergling x2  
  44  3:27  Drone, Queen  
  45  3:30  Spore Crawler  
  47  3:34  Drone  
  47  3:37  Drone  
  47  3:39  Drone  
  49  3:46  Drone  
  49  3:47  Drone x3  
  52  3:50  Queen  
  52  3:53  Drone  
  54  3:59  Drone x4  
  54  4:01  Overlord  
  57  4:11  Overlord  
  57  4:20  Drone x3  
  57  4:21  Drone x2  
  57  4:22  Drone x3  
  57  4:23  Overlord  
  65  4:30  Zergling x2  
  65  4:35  Drone x2  
  67  4:42  Zergling x2  
  67  4:43  Zergling x6  
  69  4:46  Hatchery  
  69  4:49  Lair, Extractor  
  69  4:52  Queen, Spore Crawler  
  68  4:53  Drone  
  68  4:54  Drone x2  
  68  4:55  Drone, Spore Crawler  
  68  4:59  Evolution Chamber  
  70  5:05  Roach Warren  
  70  5:07  Drone x6  
  75  5:11  Drone  
  76  5:19  Drone x6  
  81  5:25  Drone  
  81  5:26  Drone  
  81  5:28  Overlord x3  
  82  5:30  Overlord  
  82  5:31  Zerg Missile Weapons Level 1, Overlord  
  82  5:36  Extractor x2  
  82  5:42  Extractor  
  79  5:44  Extractor  
  79  5:47  Drone x5  
  82  5:51  Drone x2  
  82  5:52  Glial Reconstitution  
  82  5:53  Hydralisk Den  
  83  5:59  Queen  
  83  6:01  Overlord  
  83  6:04  Spore Crawler  
  84  6:14  Drone x2  
  84  6:15  Drone x2  
  88  6:21  Roach x11  
  88  6:24  Overseer  
  110  6:26  Overseer  
  110  6:29  Hatchery  
  110  6:31  Muscular Augments  
  110  6:32  Overlord x3  
  109  6:35  Extractor  
  109  6:37  Hydralisk  
  110  6:47  Drone  
  110  6:48  Drone x2, Hydralisk x3  
  117  6:57  Overlord x2  
  117  6:58  Roach x4  
  125  7:08  Roach x3  
  125  7:09  Roach x4  
  139  7:18  Hydralisk x4  
  147  7:30  Hydralisk x4  
  147  7:31  Hydralisk  
  147  7:33  Roach  
  147  7:35  Grooved Spines  
  159  7:43  Roach x7  
  172  7:44  Overlord x2  
  172  7:48  Roach x2  
  176  7:53  Hydralisk x3  
  176  7:55  Overlord  
  180  8:07  Hydralisk x2  
  180  8:08  Hydralisk x3  
  180  8:11  Roach x2  
  186  8:23  Roach x6  
Tags
 
Add a new tag
Caveats
  • Supply blocks, unpowered buildings, or Contaminate may cause inaccurate times.
  • Supply counts are checked every 10 seconds.